[Event "*** Titled Tuesday 3|2 Blitz"]
[Site "Chess.com"]
[Date "2017.05.02"]
[Round "5"]
[White "Gabix_94"]
[Black "Boryboy"]
[Result "1-0"]
[WhiteElo "2463"]
[BlackElo "2314"]
[TimeControl "180+2"]
[EndTime "14:02:52 PDT"]
[Termination "Gabix_94 won by checkmate"]

1. e4 e6 2. d4 d5 3. Nc3 Bb4 4. Ne2 dxe4 5. a3 Bxc3+ 6. Nxc3 Nc6 7. d5 exd5 8. Qxd5 Be6 9. Qxe4 Nf6 10. Qh4 Qd4 11. Bg5 O-O-O 12. Bd3 Qe5+ 13. Be3 Ng4 14. Kd2 Nxe3 15. fxe3 Na5 16. Rae1 Nc4+ 17. Kc1 g5 18.
Qe4 Qxe4 19. Nxe4 h6 20. Rhf1 Ne5 21. Nc5 Bd5 22. Rf5 Nxd3+ 23. cxd3 Bxg2 24. Rxf7 b6 25. Ne6 Rd7 26. Rf2 Bh3 27. Nd4 Re8 28. Kd2 Kb7 29.
b4 h5 30. b5 a6 31. a4 axb5 32. axb5 Ra8 33. Kc3 h4 34. Rg1 g4 35. Rf6 Ra3+ 36. Kc2 Ra2+ 37. Kb3 Rxh2 38. Ra1 g3 39. Nc6 Rd6 40.
Ra7+ Kc8 41. Ra8+ Kd7 42. Rd8# 1-0

[Event "*** Titled Tuesday 3|2 Blitz"]
[Site "Chess.com"]
[Date "2017.05.02"]
[Round "5"]
[White "heartofatiger"]
[Black "aa175"]
[Result "1-0"]
[WhiteElo "1765"]
[BlackElo "1797"]
[TimeControl "180+2"]
[EndTime "14:02:58 PDT"]
[Termination "heartofatiger won by checkmate"]

1. d4 e6 2. Nf3 d5 3. g3 c5 4. Bg2 Nc6 5. O-O Nf6 6. b3 Bd6 7.
dxc5 Bxc5 8. c4 O-O 9. cxd5 Qxd5 10. Nc3 Qxd1 11. Rxd1 Bd7 12. Bb2 Rad8 13. Rac1 Ng4 14.
e3 Nxe3 15. fxe3 Bxe3+ 16. Kf1 Bxc1 17. Rxc1 Bc8 18. Ne4 Nb4 19. Ba3 Nd3 20. Rc7 Rfe8 21. Nd6 Rf8 22. Ng5 f6 23. Nxh7 Kxh7 24. Be4+ Kh6 25.
Bxd3 f5 26. h4 e5 27. Bc4 Kh5 28. Be2+ Kg6 29. Nc4 Rf6 30. Be7 Re6 31. Bxd8 b5 32. Rxc8 bxc4 33. Bxc4 Rd6 34. Bg5 Rd1+ 35. Kf2 Ra1 36.
b4 Rb1 37. b5 Rb2+ 38. Kg1 Rb1+ 39. Kg2 Rb2+ 40. Kh3 Rc2 41. Bf7+ Kxf7 42. Rxc2 Kg6 43. Rc6+ Kh5 44. Ra6 g6 45. Rxa7 e4 46. Rh7# 1-0

[Event "*** Titled Tuesday 3|2 Blitz"]
[Site "Chess.com"]
[Date "2017.05.02"]
[Round "5"]
[White "Malev212"]
[Black "Blitzstream"]
[Result "0-1"]
[WhiteElo "2480"]
[BlackElo "2465"]
[TimeControl "180+2"]
[EndTime "14:03:03 PDT"]
[Termination "Blitzstream won by checkmate"]

1. e4 g6 2. d4 Bg7 3. Nc3 b6 4.
Be3 Bb7 5. Qd2 d6 6. f3 Nd7 7.
h4 h6 8. Nge2 e6 9. O-O-O Ne7 10. Kb1 a6 11. Nc1 c5 12. dxc5 dxc5 13. Nd3 Nc6 14.
Nf4 Nde5 15. Qf2 Qc7 16. Be2 Na5 17. Qf1 b5 18. Bc1 Nec4 19. Bxc4 Nxc4 20. Nfe2 b4 21. Na4 Qa5 22. b3 Bc6 23. Nf4 Na3+ 24. Bxa3 bxa3 25. Qc4 Bxa4 26. Nxe6 fxe6 27. Qxe6+ Kf8 28. Rd3 Bb5 29. Rd5 Qc3 30. e5 Qb2# 0-1

[Event "*** Titled Tuesday 3|2 Blitz"]
[Site "Chess.com"]
[Date "2017.05.02"]
[Round "5"]
[White "hermionegrangermagic"]
[Black "Olkaa"]
[Result "1-0"]
[WhiteElo "2290"]
[BlackElo "2480"]
[TimeControl "180+2"]
[EndTime "14:03:06 PDT"]
[Termination "hermionegrangermagic won by resignation"]

1. e4 c5 2. Nf3 e6 3. b3 Nc6 4.
Bb2 Qc7 5. d4 cxd4 6. Nxd4 Bc5 7. Nxc6 Qxc6 8. Bxg7 Qxe4+ 9. Qe2 Qg6 10. Bxh8 f6 11. Nd2 Qxc2 12. Qd3 Qb2 13. Rb1 Qe5+ 14. Qe4 Qh5 15. Bd3 f5 16. Qf3 Qg6 17. Qg3 b6 18.
Qxg6+ hxg6 19. Bb2 Bb7 20. Nf3 Ne7 21. h4 Bb4+ 22. Kf1 O-O-O 23. Rc1+ Kb8 24. Be5+ Ka8 25. Bf6 Rf8 26. Bxe7 Bxe7 27. h5 gxh5 28. Rxh5 Bd6 29. Rh7 Rd8 30. Bb5 Bf4 31. Rd1 d6 32. Nd4 e5 33.
Bc6 1-0

[Event "*** Titled Tuesday 3|2 Blitz"]
[Site "Chess.com"]
[Date "2017.05.02"]
[Round "5"]
[White "Quiet_Desperation"]
[Black "BjarkeSahl"]
[Result "0-1"]
[WhiteElo "2165"]
[BlackElo "2165"]
[TimeControl "180+2"]
[EndTime "14:03:10 PDT"]
[Termination "BjarkeSahl won by resignation"]

1. e4 c5 2. Nf3 e6 3. d4 cxd4 4. Nxd4 Nc6 5. Nb5 d6 6. N1c3 a6 7. Na3 b5 8. Nab1 Bb7 9. Bd3 Ne5 10. O-O Nxd3 11. cxd3 Be7 12. h3 Bf6 13. a3 Ne7 14.
Be3 d5 15. exd5 Nxd5 16. Ne4 Nxe3 17. fxe3 Bxe4 18. dxe4 Qxd1 19. Rxd1 Bxb2 20. Ra2 Be5 21. Nd2 Ke7 22. Nf3 Bg3 23. Nd4 Rhc8 24. Rad2 Rc7 25. Kf1 Rac8 26. Ke2 Be5 27. Kf3 Rc1 28. g4 Rxd1 29.
Rxd1 Rc3 30. Ke2 Bd6 31. a4 bxa4 32. Rb1 a5 33. Rb7+ Kf6 34. Ra7 Bb4 35. h4 h6 36. g5+ hxg5 37. hxg5+ Kg6 38. Nf3 a3 39. Ne5+ Kxg5 40. Rxf7 a2 41. Rf1 Rb3 42. Ra1 Rb2+ 43. Kd3 Kh4 44. Nf3+ Kg3 45. Nd4 e5 46. Nf5+ Kf2 47.
Nxg7 Rd2+ 48. Kc4 Kxe3 49. Kb3 Kxe4 50. Rxa2 Rxa2 51. Kxa2 Kd3 52. Kb3 e4 53. Nf5 e3 54.
Nxe3 Kxe3 55. Ka4 Kd3 56. Kb3 0-1

[Event "*** Titled Tuesday 3|2 Blitz"]
[Site "Chess.com"]
[Date "2017.05.02"]
[Round "5"]
[White "Ilja_Semjonovs"]
[Black "jcibarra"]
[Result "0-1"]
[WhiteElo "2237"]
[BlackElo "2645"]
[TimeControl "180+2"]
[EndTime "14:03:12 PDT"]
[Termination "jcibarra won by resignation"]

1. d4 Nf6 2. Nf3 g6 3. Bg5 Bg7 4. Bxf6 Bxf6 5. c3 Bg7 6. e3 O-O 7. Bd3 d6 8. Nbd2 e5 9. Qc2 f5 10. dxe5 dxe5 11. e4 Kh8 12. h4 f4 13. O-O-O Qe7 14.
Kb1 Nd7 15. h5 g5 16. h6 Bf6 17. Nh2 Nc5 18. f3 Rd8 19. Nb3 Nxd3 20. Rxd3 Rxd3 21.
Qxd3 Be6 22. Ng4 Rd8 23. Qb5 c6 24. Qc5 Bxb3 25. Qxe7 Bxa2+ 26. Kxa2 Bxe7 27. Nxe5 Rd2 28.
Kb3 Kg8 29. Nc4 Rxg2 30. Rd1 Kf7 31. Rd7 g4 32. fxg4 Ke6 33. Rxb7 f3 34. Ne3 f2 35. Rxa7 Bc5 36. Nxg2 Bxa7 37. Nf4+ Kf7 0-1

[Event "*** Titled Tuesday 3|2 Blitz"]
[Site "Chess.com"]
[Date "2017.05.02"]
[Round "5"]
[White "Alexander_Moskalenko"]
[Black "Storne89"]
[Result "1-0"]
[WhiteElo "2678"]
[BlackElo "2495"]
[TimeControl "180+2"]
[EndTime "14:03:30 PDT"]
[Termination "Alexander_Moskalenko won by resignation"]

1. e4 e5 2. Nf3 Nc6 3. Nc3 Nf6 4.
d4 exd4 5. Nxd4 Bb4 6. Nxc6 bxc6 7. Bd3 d5 8. exd5 cxd5 9. O-O O-O 10. h3 Rb8 11.
Qf3 Bb7 12. Bf4 Bd6 13. Bg5 d4 14. Ne4 Bxe4 15. Bxe4 Rxb2 16. Rfb1 Rxb1+ 17. Rxb1 h6 18. Bxf6 Qxf6 19. Qxf6 gxf6 20. Bc6 Bc5 21. Rb5 Bd6 22. Rb7 a5 23. a4 Ra8 24. g3 Ra6 25.
Bb5 Rb6 26. Ra7 Bb4 27. Kg2 Re6 28. Rxc7 Kg7 29. h4 f5 30. f4 Re3 31. Bc4 Be1 32.
Rxf7+ Kg6 33. h5+ Kxh5 34. Rg7 Bxg3 35. Rxg3 Re7 36. Kh3 Rc7 37. Be6 1-0

[Event "*** Titled Tuesday 3|2 Blitz"]
[Site "Chess.com"]
[Date "2017.05.02"]
[Round "5"]
[White "bilelou"]
[Black "DiogenesSinopeus"]
[Result "1-0"]
[WhiteElo "2405"]
[BlackElo "2226"]
[TimeControl "180+2"]
[EndTime "14:03:33 PDT"]
[Termination "bilelou won by resignation"]

1. e4 e5 2. Qh5 Nc6 3. Bc4 g6 4. Qf3 Nf6 5. Ne2 Bg7 6. d3 d6 7. h3 O-O 8. Nbc3 Be6 9. Bg5 h6 10. Be3 a6 11. g4 b5 12. Bd5 Bxd5 13. Nxd5 Nxd5 14. exd5 Ne7 15. h4 Qd7 16. h5 g5 17.
Ng3 f5 18. gxf5 Nxf5 19. Nxf5 Rxf5 20. Qe4 Raf8 21. O-O-O a5 22. Kb1 b4 23. Rc1 Qb5 24.
c4 bxc3 25. Rxc3 R5f7 26. Rhc1 Rb8 27. Rb3 Qe8 28. Rxb8 Qxb8 29. Qa4 e4 30. d4 Qb4 31. Qxb4 axb4 32. a4 bxa3 33. bxa3 Kf8 34. a4 Ke8 35. Kc2 Kd7 36. a5 Rf8 37. a6 Ra8 38. Ra1 Ra7 39. Kb3 Bf6 40. Kc4 Bd8 41. Kb5 Ra8 42. a7 Bf6 43. Ra4 Be7 44. Bd2 Bf6 45. Ka6 Kc8 46. Rc4 Be7 47. Ba5 Bd8 48. Rc6 Be7 49. Rxc7+ Kd8 50. Kb7 Rxa7+ 51. Kxa7 1-0

[Event "*** Titled Tuesday 3|2 Blitz"]
[Site "Chess.com"]
[Date "2017.05.02"]
[Round "5"]
[White "DavidForthoffer"]
[Black "JSMastropiero"]
[Result "1-0"]
[WhiteElo "2112"]
[BlackElo "2204"]
[TimeControl "180+2"]
[EndTime "14:04:04 PDT"]
[Termination "DavidForthoffer won on time"]

1. d4 e6 2. c4 Nf6 3. Nc3 Bb4 4.
Qb3 Nc6 5. Nf3 d6 6. Bf4 Qe7 7. e3 O-O 8. Be2 e5 9. dxe5 dxe5 10. Bg5 h6 11. Bxf6 Qxf6 12. O-O Bxc3 13. Qxc3 a5 14. a3 a4 15. Rad1 Be6 16. Rd2 Rfe8 17. c5 Ra5 18.
Bd1 Qe7 19. Nxe5 Rxc5 20. Nxc6 Rxc6 21. Qd4 Rc4 22. Qd3 Qg5 23. Bf3 c6 24. Rfd1 Rc5 25.
Qd6 Rb5 26. Rd4 Rxb2 27. Rxa4 Qb5 28. Rad4 Qa6 29. R4d3 Ra8 30. h3 Ra2 31. Qe7 Rxa3 32. Rd8+ Rxd8 33. Rxd8+ Kh7 34. Be4+ g6 35. Qf6 Ra1+ 36.
Kh2 1-0

[Event "*** Titled Tuesday 3|2 Blitz"]
[Site "Chess.com"]
[Date "2017.05.02"]
[Round "5"]
[White "AdrianaNikolova"]
[Black "GameOverBro"]
[Result "1-0"]
[WhiteElo "2322"]
[BlackElo "2291"]
[TimeControl "180+2"]
[EndTime "14:04:04 PDT"]
[Termination "AdrianaNikolova won by checkmate"]

1. e4 d6 2. d4 Nf6 3. Nc3 e5 4.
Nf3 Nbd7 5. Bc4 Be7 6. O-O O-O 7.
Re1 c6 8. a4 h6 9. Ba2 Re8 10.
h3 Qc7 11. Be3 Nf8 12. Qe2 Ng6 13. Rad1 Nh5 14. Nxe5 Nhf4 15. Bxf7+ Kh7 16. Bxf4 Nxf4 17.
Qf3 dxe5 18. Bxe8 Bxh3 19. gxh3 Rxe8 20. dxe5 Qxe5 21. Ne2 Rf8 22. Qg3 Bc5 23. Nxf4 Rxf4 24. Re2 h5 25. Kg2 h4 26. Qh2 Bxf2 27. Kh1 Bg3 28. Qg2 Qxb2 29. Rf1 Qf6 30. Rxf4 Qxf4 31.
Rd2 Qe3 32. Qe2 Qc3 33. Kg2 Be5 34. Qh5+ Kg8 35. Rd8# 1-0

[Event "*** Titled Tuesday 3|2 Blitz"]
[Site "Chess.com"]
[Date "2017.05.02"]
[Round "5"]
[White "Saitama_Hero"]
[Black "JusticeBot"]
[Result "1/2-1/2"]
[WhiteElo "2274"]
[BlackElo "2495"]
[TimeControl "180+2"]
[EndTime "14:04:16 PDT"]
[Termination "Game drawn by repetition"]

1. d4 Nf6 2. Nf3 g6 3. Bg5 Bg7 4. Nbd2 d5 5. Bxf6 Bxf6 6. e4 dxe4 7. Nxe4 Bg7 8. Bc4 O-O 9. h4 Bf5 10. Ng3 Bg4 11. c3 c5 12. dxc5 Qa5 13. Qb3 Bxf3 14. gxf3 Qxc5 15. Ne4 Qe5 16. Qxb7 Qf4 17. Qxa8 Qxf3 18.
Rg1 Rc8 19. Be2 Qf4 20. Qd5 e6 21. Qd3 Nc6 22. Qe3 Qxh4 23. Bf3 Ne5 24. Rh1 Qd8 25. Rd1 Qa5 26. a3 Nc4 27. Qe2 Qb5 28. Nd2 Qxb2 29. Nxc4 Qxc3+ 30. Kf1 Rxc4 31. Rd8+ Bf8 32. Kg2 Rc5 33.
Qe3 Qa5 34. Qh6 Rg5+ 35. Kf1 Qb5+ 36. Be2 Qb1+ 37. Bd1 Qb5+ 38. Be2 Qb1+ 39. Bd1 Qb5+ 40. Be2 1/2-1/2

[Event "*** Titled Tuesday 3|2 Blitz"]
[Site "Chess.com"]
[Date "2017.05.02"]
[Round "5"]
[White "Schemato"]
[Black "IIIlllII1llIl"]
[Result "0-1"]
[WhiteElo "2300"]
[BlackElo "2550"]
[TimeControl "180+2"]
[EndTime "14:04:17 PDT"]
[Termination "IIIlllII1llIl won by checkmate"]

1. c4 e6 2. Nc3 d5 3. d4 Nf6 4.
cxd5 exd5 5. Bg5 c6 6. e3 h6 7. Bh4 Bd6 8. Bd3 Nbd7 9. Nge2 O-O 10. Bg3 Bxg3 11. Nxg3 Re8 12. O-O Nf8 13. b4 a6 14.
a4 Ne6 15. Qb3 h5 16. h3 Ng5 17. b5 h4 18. Nge2 Nfe4 19. Bxe4 Nxe4 20. Nxe4 Rxe4 21. bxc6 bxc6 22. Rab1 Re6 23. Nf4 Rh6 24. Rfc1 g5 25. Nd3 g4 26. hxg4 Bxg4 27. Ne5 Bf5 28. Nxc6 Qg5 29.
Qxd5 Re8 30. Rb7 Rf6 31. Ne7+ Kg7 32. Qe5 Kh7 33. Nxf5 Rxe5 34. dxe5 Rxf5 35. e6 h3 36.
g3 Qg4 37. Rxf7+ Rxf7 38. exf7 Qf3 39. f8=Q Qg2# 0-1

[Event "*** Titled Tuesday 3|2 Blitz"]
[Site "Chess.com"]
[Date "2017.05.02"]
[Round "5"]
[White "Iball95"]
[Black "biostatistician"]
[Result "0-1"]
[WhiteElo "2491"]
[BlackElo "2415"]
[TimeControl "180+2"]
[EndTime "14:04:32 PDT"]
[Termination "biostatistician won by resignation"]

1. e4 e6 2. d4 d5 3. Nc3 Nf6 4. Bg5 Be7 5. exd5 Nxd5 6. Bxe7 Qxe7 7. Bd3 Qb4 8. Ne2 Qxb2 9. Nxd5 exd5 10. O-O O-O 11. Nf4 c6 12. Qh5 h6 13. Rad1 Nd7 14.
Rfe1 Nf6 15. Qh4 Qxa2 16. Re7 Qa3 17. Rde1 Qd6 18. h3 a5 19. R1e5 a4 20. Qg3 a3 21.
Ng6 a2 22. Nxf8 a1=Q+ 23. Kh2 Qxd4 24. Nh7 Nxh7 25. f4 Nf8 26. Re8 Qf6 27. f5 b5 28.
Qe1 Bb7 29. R8e7 Ba6 30. Qg3 Rd8 31. c3 Qc5 32. Qf4 Qcd6 33. Kg1 Qfxe7 34. Rxe7 Qxf4 35. Rxf7 Kxf7 36. f6 Qe3+ 0-1

[Event "*** Titled Tuesday 3|2 Blitz"]
[Site "Chess.com"]
[Date "2017.05.02"]
[Round "5"]
[White "wonderfultime"]
[Black "chessdude"]
[Result "1-0"]
[WhiteElo "2586"]
[BlackElo "2426"]
[TimeControl "180+2"]
[EndTime "14:04:39 PDT"]
[Termination "wonderfultime won by checkmate"]

1. d4 Nf6 2. c4 e6 3. Nc3 Bb4 4. e3 O-O 5. Ne2 c6 6. a3 Ba5 7. c5 d5 8. cxd6 Qxd6 9. b4 Bc7 10. g3 Nbd7 11. Bg2 e5 12. O-O exd4 13. Nxd4 Nb6 14.
Qb3 Re8 15. a4 Be6 16. Nxe6 Qxe6 17. Rb1 Nbd5 18. Ne2 Rad8 19. Nd4 Qg4 20. Bb2 h5 21. Ba1 h4 22. Qd1 Qg6 23. Qf3 hxg3 24. hxg3 Ne4 25. Rbd1 f6 26. b5 Ndc3 27. Bxc3 Nxc3 28. Rc1 Na2 29. Rc4 Be5 30. bxc6 bxc6 31. Nxc6 Rd6 32. Nxe5 Rxe5 33. Qa8+ Re8 34. Rc8 Rxc8 35. Qxc8+ Kh7 36.
Qh3+ Kg8 37. Qc8+ Kh7 38. Qc4 Rd2 39. Be4 f5 40. Kg2 Qf6 41. Bc6 Rd8 42. Rh1+ Kg6 43. Bf3 Nc3 44. Bh5+ Kh6 45. Be8+ Kg5 46. Qf4# 1-0

[Event "*** Titled Tuesday 3|2 Blitz"]
[Site "Chess.com"]
[Date "2017.05.02"]
[Round "5"]
[White "platy3"]
[Black "RobertoJBM"]
[Result "1-0"]
[WhiteElo "2640"]
[BlackElo "2473"]
[TimeControl "180+2"]
[EndTime "14:04:43 PDT"]
[Termination "platy3 won on time"]

1. e4 c6 2. d4 d5 3. e5 Bf5 4.
Nf3 e6 5. Be2 Bb4+ 6. c3 Ba5 7.
Qb3 Qb6 8. Nh4 Bxb1 9. Rxb1 Qxb3 10. axb3 Nd7 11. f4 g6 12. Nf3 Ne7 13. Be3 a6 14. Kd2 h5 15. g3 Bb6 16. b4 Nf5 17. Bf2 Ke7 18. h3 Nh6 19. Ng5 f6 20. exf6+ Nxf6 21. Bd3 Nf7 22. Rbe1 Nxg5 23. fxg5 Ne4+ 24. Bxe4 dxe4 25.
Rxe4 Raf8 26. Be3 Kd7 27. Bf4 Re8 28. Rhe1 Rhf8 29. Kd3 Rf5 30. g4 hxg4 31. hxg4 Rf7 32. Rh1 Ref8 33. Be5 Rf3+ 34. Re3 Rf2 35. Rh7+ Kc8 36.
Re2 R8f3+ 37. Kd2 Rf1 38. Rg7 Rg1 39. Rxg6 Rxg4 40. Rg8+ Kd7 41. g6 Bd8 42. g7 Bf6 43.
Rf8 Bxe5 44. Rxf3 Bxg7 45. Rf7+ Kd6 46. Rxb7 Bh6+ 47. Kc2 1-0

[Event "*** Titled Tuesday 3|2 Blitz"]
[Site "Chess.com"]
[Date "2017.05.02"]
[Round "5"]
[White "Robin-Side"]
[Black "martinique24"]
[Result "1-0"]
[WhiteElo "2287"]
[BlackElo "2426"]
[TimeControl "180+2"]
[EndTime "14:04:46 PDT"]
[Termination "Robin-Side won on time"]

1. e4 c5 2. Nf3 d6 3. d4 cxd4 4.
Nxd4 Nf6 5. Nc3 a6 6. Be2 e5 7.
Nb3 Be7 8. Be3 O-O 9. g4 Be6 10. g5 Nfd7 11. h4 a5 12. f4 exf4 13. Bxf4 Ne5 14. Nd4 Nbc6 15. Qd2 a4 16. a3 Qb6 17.
Nxe6 fxe6 18. O-O-O Ra5 19. h5 Rxf4 20. Qxf4 Bxg5 21.
Qxg5 Nd3+ 22. Rxd3 Rxg5 23. Rxd6 Rg2 24. Bc4 Qf2 25.
Bd3 Ne5 26. Rd8+ Kf7 27. Be2 Qe3+ 28. Kb1 Rxe2 29. Nxe2 Qxe2 30. Rb8 Kf6 31. Rxb7 Qxe4 32. Rf1+ Nf3 33. Rb4 Qe2 34. Rf4+ Kg5 35. R4xf3 Kxh5 36. R3f2 Qe3 37. Rh1+ Kg4 38. Rg1+ Kh4 39. Rh2+ 1-0

[Event "*** Titled Tuesday 3|2 Blitz"]
[Site "Chess.com"]
[Date "2017.05.02"]
[Round "5"]
[White "metalbattler"]
[Black "XiaoKangZhong"]
[Result "0-1"]
[WhiteElo "2011"]
[BlackElo "2012"]
[TimeControl "180+2"]
[EndTime "14:04:46 PDT"]
[Termination "XiaoKangZhong won by resignation"]

1. e4 c5 2. Nc3 Nc6 3. Bb5 Nd4 4.
Nf3 Nxb5 5. Nxb5 a6 6. Nc3 d6 7.
d4 cxd4 8. Qxd4 Nf6 9. Bg5 b5 10.
Bxf6 gxf6 11. O-O Rg8 12. a4 bxa4 13. Nxa4 Qd7 14. Nb6 Qg4 15. Ne1 Rb8 16. Nxc8 Rxc8 17. Rxa6 Bh6 18. Qa4+ Kf8 19. Ra8 Rxa8 20. Qxa8+ Kg7 21.
Qb7 e6 22. Qc6 Kh8 23. g3 Bf4 24. Nd3 Be5 25. Nxe5 dxe5 26. b4 h5 27. f3 Qg5 28.
Qc3 Qg7 29. Kg2 f5 30. exf5 exf5 31. f4 e4 32. Qxg7+ Kxg7 33. Rb1 Rb8 34. b5 Kf8 35. c4 Ke7 36. Kf2 Kd6 37. Ke3 Kc5 38. b6 Rxb6 39.
Rxb6 Kxb6 40. Kd4 Kc6 41. h3 Kd6 42. g4 hxg4 43. hxg4 fxg4 44. Kxe4 Kc6 45. f5 f6 46. Kf4 Kc5 47. Kxg4 Kxc4 48. Kh5 Kd5 49. Kg6 Ke5 0-1

[Event "*** Titled Tuesday 3|2 Blitz"]
[Site "Chess.com"]
[Date "2017.05.02"]
[Round "5"]
[White "gmjoey1"]
[Black "djogrodek1"]
[Result "0-1"]
[WhiteElo "2498"]
[BlackElo "2427"]
[TimeControl "180+2"]
[EndTime "14:04:55 PDT"]
[Termination "djogrodek1 won by checkmate"]

1. e4 c6 2. Nc3 d5 3. Nf3 Nf6 4.
e5 Ne4 5. Ne2 Qb6 6. d4 e6 7.
Ng3 c5 8. Bd3 Nxg3 9. hxg3 cxd4 10. Ng5 Nc6 11. Nxh7 Bd7 12. Nf6+ gxf6 13. Rxh8 O-O-O 14. Kf1 fxe5 15. Bg5 Re8 16. Qh5 e4 17. Qxf7 Ne5 18.
Qxf8 Rxf8 19. Rxf8+ Be8 20. Rxe8+ Kd7 21. Re7+ Kd6 22.
Be2 d3 23. cxd3 exd3 24. Bh5 Qxb2 25. Rd1 Nc6 26. Rh7 e5 27. Rxd3 Qb1+ 28. Ke2 Qc2+ 29. Bd2 Nd4+ 30. Rxd4 Qxh7 31. Rh4 Qb1 32. Be8 e4 33.
Rh6+ Ke7 34. Bh5 Qd3+ 35. Ke1 d4 36. Rh7+ Kf6 37. Rh6+ Kg7 38. Re6 Qb1+ 39. Bd1 b5 40. g4 Kf7 41. Rd6 d3 42. Rd4 Qxa2 43. Rxe4 a5 44.
g5 b4 45. Rf4+ Kg8 46. Rf6 b3 47. Rb6 a4 48. g6 Qa1 49. Rb8+ Kg7 50. Rb5 Kxg6 51.
Rb6+ Kg7 52. f4 Qd4 53. Rb4 Qg1# 0-1

[Event "*** Titled Tuesday 3|2 Blitz"]
[Site "Chess.com"]
[Date "2017.05.02"]
[Round "5"]
[White "stefanodinn"]
[Black "Lawliet64"]
[Result "1-0"]
[WhiteElo "2230"]
[BlackElo "2021"]
[TimeControl "180+2"]
[EndTime "14:04:56 PDT"]
[Termination "stefanodinn won on time"]

1. e4 c5 2. Nc3 d6 3. Nf3 Nf6 4. d4 cxd4 5. Nxd4 a6 6. Bg5 e6 7.
f4 Nbd7 8. Qf3 Be7 9. O-O-O Qc7 10. g4 O-O 11. Bxf6 Nxf6 12. g5 Nd7 13. h4 b5 14.
Kb1 Bb7 15. a3 Rfc8 16. Bd3 Qa5 17. Nb3 Qb6 18. h5 b4 19. axb4 Qxb4 20. Na2 Qa4 21. g6 fxg6 22. hxg6 hxg6 23. Qg4 Nf8 24. Qh3 d5 25. e5 d4 26. Rhg1 Bd5 27. Nac1 Rab8 28.
Rdf1 Kf7 29. f5 exf5 30. Bxf5 gxf5 31. Qxf5+ Ke8 32. Rxg7 Qd7 33. Qh5+ Kd8 34. Rxf8+ Bxf8 35. Rxd7+ Kxd7 36. Qh7+ Be7 37. Nxd4 a5 38. Qf5+ Ke8 39. e6 a4 40. Qxd5 1-0

[Event "*** Titled Tuesday 3|2 Blitz"]
[Site "Chess.com"]
[Date "2017.05.02"]
[Round "5"]
[White "Rikikits"]
[Black "Spartakus1975"]
[Result "0-1"]
[WhiteElo "2570"]
[BlackElo "2598"]
[TimeControl "180+2"]
[EndTime "14:05:01 PDT"]
[Termination "Spartakus1975 won on time"]

1. e4 e6 2. d4 d5 3. Nc3 Nf6 4. e5 Nfd7 5. f4 c5 6. Nf3 Nc6 7. Ne2 b5 8. Be3 b4 9. g3 a5 10. Bh3 g6 11. O-O Ba6 12. Rf2 Bxe2 13. Rxe2 cxd4 14. Nxd4 Nxd4 15. Bxd4 Bc5 16. c3 Qb6 17.
Bg4 h5 18. Bf3 h4 19. g4 h3 20. Kh1 Rc8 21. Qd3 a4 22. Rd1 a3 23. Rc2 b3 24.
axb3 Qxb3 25. Rf2 Bxd4 26. Qxd4 axb2 27. Rb1 Qxc3 28. Qd1 O-O 29. Rfxb2 Nc5 30. Qd2 Nd3 31. Qxc3 Rxc3 32. Rb3 Rxb3 33. Rxb3 Nxf4 34. Kg1 Rc8 35. Kf2 g5 36. Kg3 Rc1 37. Rb7 Re1 0-1

[Event "*** Titled Tuesday 3|2 Blitz"]
[Site "Chess.com"]
[Date "2017.05.02"]
[Round "5"]
[White "PaulfromSPb"]
[Black "Indianlad"]
[Result "0-1"]
[WhiteElo "2568"]
[BlackElo "2652"]
[TimeControl "180+2"]
[EndTime "14:05:04 PDT"]
[Termination "Indianlad won by resignation"]

1. e4 e5 2. Nf3 Nc6 3. Bc4 Bc5 4.
O-O Nf6 5. d3 d6 6. c3 Bb6 7.
Bb3 h6 8. Nbd2 O-O 9. h3 Be6 10. Re1 Re8 11. Nf1 d5 12. Ng3 dxe4 13. dxe4 Qe7 14.
Qe2 Bxb3 15. axb3 Qe6 16. b4 a5 17. b5 Ne7 18. Be3 Bxe3 19. Qxe3 b6 20. Nd2 Rad8 21. b3 Qd7 22. Nf3 Ng6 23. c4 Qd3 24. Nf5 Nf4 25.
Kh2 Qxe3 26. Rxe3 Nd3 27. Kg1 Nc5 28. Rae1 h5 29. Ng3 g6 30. Rb1 Kg7 31. Kf1 Nh7 32. Ke2 Nf8 33. Rd1 Nfe6 34. Rxd8 Rxd8 35. Ke1 Nf4 36. Kf1 Rd1+ 37. Ne1 Ncd3 38. f3 h4 39. Nh1 Nxe1 40. Rxe1 Rxe1+ 41. Kxe1 Nxg2+ 42. Kd2 Nf4 43. Nf2 Kf6 44. Ke3 Ke6 45. Kd2 f5 46. Kc3 Kd6 47.
Kd2 Kc5 48. Kc3 c6 49. bxc6 Kxc6 50. exf5 gxf5 51. Kd2 Kc5 52. Kc3 Ne2+ 53. Kd2 Nd4 54. Nd3+ Kd6 55. f4 e4 56. Ne5 Nf3+ 57. Kc3 Nxe5 0-1

[Event "*** Titled Tuesday 3|2 Blitz"]
[Site "Chess.com"]
[Date "2017.05.02"]
[Round "5"]
[White "chessking2151"]
[Black "LawrenceTrent"]
[Result "0-1"]
[WhiteElo "2353"]
[BlackElo "2425"]
[TimeControl "180+2"]
[EndTime "14:05:06 PDT"]
[Termination "LawrenceTrent won by resignation"]

1. e4 c5 2. Nf3 d6 3. d4 cxd4 4.
Nxd4 Nf6 5. Nc3 g6 6. Be3 a6 7.
a4 Bg7 8. f3 O-O 9. Bc4 Nc6 10.
O-O Bd7 11. Nb3 Na5 12. Be2 Rc8 13. Qd2 Be6 14. Nd5 Nxb3 15. cxb3 Bxd5 16. exd5 Nd7 17.
Rac1 Nc5 18. Qc2 Qb6 19. Bc4 Rc7 20. Qd2 a5 21. Bb5 Rfc8 22. Qf2 Qa7 23. Rc4 Qb8 24.
Qc2 Na6 25. Bb6 Rxc4 26. bxc4 Nc7 27. Bd7 Nxd5 28. Bxc8 Nxb6 29. Bh3 Qc7 30. b3 Qc5+ 31. Kh1 d5 32. Qe2 dxc4 33. bxc4 Nxa4 34. Bd7 Nc3 35. Qd3 Bd4 36. h3 e6 37. Rc1 Qe5 38. f4 Qf6 39. g3 h5 40. Kg2 h4 41. Bb5 hxg3 42.
Kxg3 a4 43. Rc2 a3 44. c5 a2 45. Rc1 Nb1 46. Rxb1 axb1=Q 47. Qxb1 Bxc5 48. Qc2 Qd4 49. Be2 Qf2+ 50. Kg4 Qg2+ 0-1

[Event "*** Titled Tuesday 3|2 Blitz"]
[Site "Chess.com"]
[Date "2017.05.02"]
[Round "5"]
[White "roldieyi"]
[Black "ItalianMachine"]
[Result "1-0"]
[WhiteElo "2095"]
[BlackElo "2191"]
[TimeControl "180+2"]
[EndTime "14:05:07 PDT"]
[Termination "roldieyi won by resignation"]

1. d4 Nf6 2. Nf3 e6 3. Bg5 h6 4.
Bh4 d6 5. e3 Be7 6. Nbd2 O-O 7.
Be2 Nc6 8. c3 e5 9. O-O Re8 10.
h3 Bf5 11. Bb5 e4 12. Ne1 a6 13. Ba4 b5 14. Bc2 d5 15. f4 Nd7 16. Bf2 Nb6 17. g4 Bc8 18. Ng2 h5 19. Qe2 Qd7 20. Bd1 Na5 21. b3 c5 22. Qe1 cxd4 23. cxd4 Bb4 24. a3 Bc3 25. Rb1 Qe7 26. Qe2 Qxa3 27. gxh5 Qa2 28. Be1 Bxh3 29. Rc1 b4 30. Kh2 Bf5 31. Nh4 Bh7 32. Rg1 Rad8 33. Qg2 g6 34. hxg6 fxg6 35. Nxg6 Kf7 36. Ne5+ Ke6 37. Bg4+ Kd6 38. Nxe4+ Bxe4 39. Qxa2 Rh8+ 40. Kg3 Nc6 41. Qxa6 Bxe1+ 42. Rgxe1 1-0

[Event "*** Titled Tuesday 3|2 Blitz"]
[Site "Chess.com"]
[Date "2017.05.02"]
[Round "5"]
[White "1lec"]
[Black "PowerThinking2650"]
[Result "0-1"]
[WhiteElo "2065"]
[BlackElo "2192"]
[TimeControl "180+2"]
[EndTime "14:05:07 PDT"]
[Termination "PowerThinking2650 won by checkmate"]

1. e4 e5 2. Nf3 Nc6 3. Bb5 a6 4.
Ba4 Nf6 5. d3 b5 6. Bb3 Be7 7.
O-O O-O 8. a4 Bb7 9. Nc3 b4 10.
Ne2 d6 11. Ng3 Na5 12. Ba2 b3 13. cxb3 c5 14. Bd2 Nc6 15. b4 Nxb4 16. Bc4 a5 17. Nf5 Ba6 18. Qb3 Rb8 19. Ng5 Bxc4 20. Qxc4 d5 21.
exd5 Nfxd5 22. Nxe7+ Qxe7 23. Ne4 Rfc8 24. Nc3 Rd8 25.
Nxd5 Nxd5 26. Bxa5 Rd7 27. Bc3 Nf4 28. Qe4 Nxd3 29.
Rfd1 Rbd8 30. a5 g6 31. a6 f5 32. Qc4+ Kg7 33. f4 Kh6 34. fxe5 Qg5 35. Bd2 f4 36. a7 Nxe5 37. Qe4 Rxd2 38. Rxd2 Rxd2 39. a8=Q f3 40. Qf8+ Kh5 41. g3 f2+ 42. Kf1 Ng4 43. Qff4 Nxh2+ 44. Kg2 Qxf4 45. Qxf4 f1=Q# 0-1

[Event "*** Titled Tuesday 3|2 Blitz"]
[Site "Chess.com"]
[Date "2017.05.02"]
[Round "5"]
[White "evgenyermolaev"]
[Black "Marreuh"]
[Result "1-0"]
[WhiteElo "2351"]
[BlackElo "2101"]
[TimeControl "180+2"]
[EndTime "14:05:23 PDT"]
[Termination "evgenyermolaev won by resignation"]

1. e4 c5 2. Nf3 d6 3. d4 cxd4 4.
Nxd4 Nf6 5. Nc3 a6 6. Be3 Ng4 7. Bg5 h6 8. Bh4 g5 9. Bg3 Bg7 10. Be2 h5 11. Bxg4 hxg4 12. Qd2 Nc6 13. Nf5 Bf6 14. Nd5 Bxb2 15. Rb1 Be5 16. Bxe5 dxe5 17. Qxg5 Bxf5 18. Qxf5 e6 19. Qf6 Qxf6 20. Nxf6+ Ke7 21. Nxg4 b5 22. O-O f5 23. Ne3 fxe4 24. Rfe1 Nd4 25. c3 Nf5 26. Ng4 Nd6 27. Nxe5 Rhg8 28. g3 Rac8 29.
Rbc1 Rc5 30. f4 exf3 31. Nxf3 Rgc8 32. Ne5 Rxc3 33. Rcd1 Rc2 34. Ng6+ Kd7 35. Nf4 Re8 36. h4 Rxa2 37. h5 Ra3 38. Kg2 Rg8 39. Rd3 Rxd3 40.
Nxd3 Nf5 41. Nc5+ Kc6 42. Ne4 Rh8 43. g4 Rg8 44. Kh3 Nh6 45. g5 Nf5 46. Rc1+ Kd7 47. Nf6+ Ke7 48. Nxg8+ Kf8 49. Nh6 Kg7 50. Nxf5+ exf5 1-0